 Dungeon Crawl Stone Soup version 0.20-a0-1121-gbb42413 (webtiles) character file.

1428 kuniqs the Ruffian (level 8, -2/68 (70) HPs)
             Began as a Ghoul Gladiator on May 11, 2017.
             Slain by an orc warrior
             ... wielding a +0 trident
              (18 damage)
             ... on level 6 of the Dungeon.
             The game lasted 00:11:03 (5345 turns).

kuniqs the Ruffian (Ghoul Gladiator)                Turns: 5345, Time: 00:11:04

HP:   -2/68 (70)    AC:  7    Str: 18    XL:     8   Next: 72%
MP:   7/7           EV: 16    Int:  3    God:
Gold: 248           SH:  0    Dex: 12    Spells: 6/7 levels left

rFire    + . .     SeeInvis .     - Unarmed
rCold    + . .     Gourm    .   (no shield)
rNeg     + + +     Faith    .   x - +2 leather armour {rF+}
rPois    ∞         Spirit   .   b - +0 helmet
rElec    .         Reflect  .   m - +0 cloak {MR+}
rCorr    .         Harm     .   (no gloves)
MR       +....                  (no boots)
Stlth    ++........             (no amulet)
Regen    0.0/turn               g - ring of stealth
MPRegen  0.1/turn               c - +2 ring of evasion

@: rotting
A: rotting body, claws 1, carnivore 3, cold resistance 1, negative energy
resistance 3, inhibited regeneration, torment resistance, unbreathing
a: no special abilities


You were on level 6 of the Dungeon.
You were not hungry.

You visited 1 branch of the dungeon, and saw 6 of its levels.
You also visited: Sewer.

You collected 248 gold pieces.

Inventory:

Armour
 b - a +0 helmet (worn)
 m - a +0 cloak of magic resistance (worn)
 x - a +2 leather armour of fire resistance (worn)
Jewellery
 c - a +2 ring of evasion (right claw)
 d - an uncursed amulet of faith
 g - a ring of stealth (left claw)
Wands
 t - a wand of random effects (25/48)
Scrolls
 a - 2 scrolls of remove curse {unknown}
 f - 6 scrolls of teleportation {unknown}
 h - a scroll of enchant weapon {unknown}
 k - 3 scrolls of identify {unknown}
 r - a scroll of fear {unknown}
 u - a scroll of fog {unknown}
 w - 2 scrolls of recharging {unknown}
Potions
 i - 3 potions of might {unknown}
 j - 3 potions of degeneration {unknown}
 l - a potion of berserk rage {unknown}
 n - a potion of invisibility {unknown}
 o - 3 potions of haste {unknown}
 p - a potion of brilliance {unknown}
 q - 3 potions of curing {unknown}
 v - a potion of mutation {unknown}
Comestibles
 e - 5 meat rations
 s - a royal jelly


   Skills:
 - Level 5.9 Fighting
 - Level 1.7 Throwing
 - Level 4.3 Armour
 - Level 5.5 Dodging
 * Level 6.8 Unarmed Combat


You had 6 spell levels left.
You knew the following spells:

 Your Spells              Type           Power        Failure   Level  Hunger
a - Confusing Touch       Hex            #.....       58%         1    ##.....


Dungeon Overview and Level Annotations

Branches:
Dungeon (6/15)
 Temple: D:4-7

Altars:
Fedhas
The Shining One

Shops:
D:5 (


Innate Abilities, Weirdness & Mutations

Your body is rotting away.
You thrive on raw meat.
You are immune to poison.
You have sharp fingernails.
You are carnivorous and can eat meat at any time.
Your flesh is cold resistant. (rC+)
You are immune to negative energy. (rN+++)
You do not regenerate when monsters are visible.
You are immune to unholy pain and torment.
You can survive without breathing.


Message History

The orc warrior hits you from afar with a trident!!
You closely miss the orc wizard.
The orc wizard points at you and mumbles some strange words.
The magic dart hits you! The orc warrior closely misses you.
You barely miss the orc wizard. The orc wizard barely misses you.
The orc warrior barely misses you. The orc wizard closely misses you.
You scratch the orc wizard. The orc wizard completely misses you.
The orc warrior barely misses you.
You scratch the orc wizard but do no damage.
The orc wizard casts a spell at you. The puff of flame hits you! You resist.
The orc warrior hits you from afar with a trident!
* * * LOW HITPOINT WARNING * * *
The orc wizard begins to cast a cantrip, but forgets the words!
The orc wizard hits you but does no damage.
The orc wizard hits you but does no damage.
There is a stone staircase leading up here.
The orc wizard hits you but does no damage.
The orc warrior hits you from afar with a trident!!
You die...

### # ..# ##### #. #>#
#...#######.#####.#
#.#.........[..##.#####
...#.@.# #.#..........
#.##.#o###.......#####
#....#.o.#.......#
#..#####.####.####
##.o.#...# #.#
###.#o### #.# #...#
##'## # ##.## ##...## #
###.# ##.....## #


You could see an orc warrior and an orc wizard.

Vanquished Creatures
  Sigmund (D:3)
  Menkaure (D:5)
  A black bear (D:6)
  2 ogres (D:5)
  A gnoll shaman (D:4)
  3 orc priests
  A centaur skeleton (D:4)
  2 hounds
  2 orc wizards
  A bullfrog skeleton (D:5)
  2 iguanas (D:5)
  4 worker ants
  A hound zombie (D:2)
  7 gnolls
  21 adders
  2 adder zombies (D:2)
  3 adder skeletons
  6 worms
  A dart slug (D:3)
  9 leopard geckos
  15 orcs
  11 ball pythons
  5 bats
  2 bat skeletons (D:2)
  5 giant cockroaches
  5 goblins
  7 hobgoblins
  10 jackals
  15 kobolds
  2 quokkas
  A ball python skeleton (D:4)
  A ball python zombie (D:2)
  7 frilled lizards
  A giant cockroach zombie (D:2)
  A jackal zombie (D:2)
  2 leopard gecko zombies (D:2)
  10 rats
  5 plants (Sewer)
176 creatures vanquished.

Vanquished Creatures (others)
  A plant (Sewer)
1 creature vanquished.

Grand Total: 177 creatures vanquished

Notes
Turn   | Place    | Note
-------+----------+-------------------------------------------
     0 | D:1      | kuniqs the Ghoul Gladiator began the quest for the Orb.
     0 | D:1      | Reached XP level 1. HP: 17/17 MP: 0/0
   233 | D:1      | Reached XP level 2. HP: 19/25 MP: 1/1
   630 | D:2      | Reached XP level 3. HP: 27/30 MP: 2/2
   679 | D:2      | Reached skill level 1 in Armour
  1043 | D:2      | Reached XP level 4. HP: 29/34 MP: 3/3
  1445 | D:2      | Found a glowing golden altar of the Shining One.
  1640 | D:3      | Reached XP level 5. HP: 37/45 MP: 4/4
  1742 | D:3      | Reached skill level 4 in Unarmed Combat
  2041 | D:3      | Learned a level 1 spell: Confusing Touch
  2046 | D:3      | Noticed Sigmund
  2075 | D:3      | Killed Sigmund
  2075 | D:3      | Reached XP level 6. HP: 52/52 MP: 5/5
  2550 | D:4      | Reached XP level 7. HP: 60/60 MP: 6/6
  2658 | D:4      | Found a blossoming altar of Fedhas.
  2739 | D:4      | Reached skill level 5 in Unarmed Combat
  3294 | D:5      | Entered Level 5 of the Dungeon
  3309 | D:5      | Noticed a two-headed ogre
  3361 | D:5      | Found Weuzere's Antique Weapon Shoppe.
  3428 | D:5      | Noticed Menkaure
  3445 | D:5      | Killed Menkaure
  3445 | D:5      | Reached skill level 5 in Fighting
  3467 | D:5      | Reached skill level 5 in Dodging
  3467 | D:5      | Reached XP level 8. HP: 68/68 MP: 7/7
  3533 | D:5      | Found a glowing drain.
  3562 | Sewer    | Entered a sewer
  4451 | D:5      | Reached skill level 6 in Unarmed Combat
  5345 | D:6      | Slain by an orc warrior

Vault maps used:
D:1:      scummos_arrival_star
D:2:      tso_altar, first_bread, serial_undead, serial_undead_c,
          serial_undead_d, serial_undead_d, serial_undead_f, serial_undead_a,
          serial_undead_a, serial_undead_a
D:3:      uniq_sigmund
D:4:      overflow_temple_1_default, kennysheep_decorative_pillar,
          hangedman_abyss_or_decor_stabs, minmay_misc_feat_rugged,
          serial_bayou_pond_d, small_statue_alley_b, minmay_snake_closets
D:5:      serial_shops, nicolae_shop_overgrown_old_shop,
          gup_sewer_entry_bubbles, uniq_menkaure
D:6:      gammafunk_temple_overflow_claw, kennysheep_generic_room_8,
          uniq_blork_the_orc
Sewer:    sewer_co_scattered_pipes

Skill      XL: |  1  2  3  4  5  6  7  8 |
---------------+-------------------------+-----
Dodging        | 3 4 5 |  5.5
Armour         | 1 2 3 4 |  4.3
Fighting       | 3 4 5 |  5.9
Unarmed Combat | 4 5 6 |  6.8
Throwing       | |  1.7

Action                   |  1- 3 |  4- 6 |  7- 9 || total
-------------------------+-------+-------+-------++-------
Melee: Unarmed           |   107 |   184 |   454 ||   745
       Punch             |       |       |     7 ||     7
Throw: Throwing net      |     2 |     2 |       ||     4
 Stab: Sleeping          |     1 |     5 |     4 ||    10
       Held in net/web   |     1 |       |       ||     1
  Eat: Chunk             |    15 |    14 |    24 ||    53
Armor: Leather armour    |    23 |    15 |     4 ||    42
       Ring mail         |       |    26 |    48 ||    74
       Scale mail        |       |       |     7 ||     7
Dodge: Dodged            |    52 |   103 |   245 ||   400
